 Dungeon Crawl Stone Soup version 0.28.0 (webtiles) character file.

Game seed: 6686432888566951813

86 crazypyro the Skirmisher (level 4, -3/49 HPs)
             Began as an Ogre Monk on Feb 14, 2022.
             Slain by Grinder (8 damage)
             ... on level 3 of the Dungeon.
             The game lasted 00:05:42 (2376 turns).

crazypyro the Skirmisher (Ogre Monk)                Turns: 2376, Time: 00:05:42

Health: -3/49      AC:  3    Str: 17    XL:     4   Next: 50%
Magic:  4/4        EV: 10    Int: 11    God:
Gold:   24         SH:  0    Dex: 11    Spells: 3/3 levels left

rFire   . . .      SeeInvis .   a - +0 mace
rCold   . . .      Faith    .   (no shield)
rNeg    . . .      Spirit   .   b - +0 robe
rPois   .          Reflect  .   (helmet restricted)
rElec   .          Harm     .   (no cloak)
rCorr   .          Rampage  .   (gloves unavailable)
Will    .....                   (boots unavailable)
Stlth   ++........              (no amulet)
HPRegen 0.16/turn               (no ring)
MPRegen 0.09/turn               (no ring)

@: no status effects
A: large, unfitting armour, tough skin 1
a: no special abilities


You were on level 3 of the Dungeon.
You visited 1 branch of the dungeon, and saw 3 of its levels.

You collected 24 gold pieces.

Inventory:

Hand Weapons
 a - a +0 mace (weapon)
Missiles
 g - 2 throwing nets (quivered)
Armour
 b - a +0 robe (worn)
Scrolls
 d - a scroll of identify {unknown}
 h - a scroll of teleportation {unknown}
 j - a scroll of enchant armour {unknown}
 k - a scroll of noise {unknown}
 l - a scroll of immolation {unknown}
Potions
 c - a potion of attraction {unknown}
 e - a potion of might {unknown}
 f - 2 potions of berserk rage {unknown}
 i - a potion of heal wounds {unknown}


   Skills:
 + Level 4.8 Fighting
 * Level 3.7 Maces & Flails
 + Level 3.2 Dodging
 - Level 1.4 Stealth


You had 3 spell levels left.
You didn't know any spells.
Your spell library contained the following spells:

 Spells                   Type           Power      Damage    Failure   Level
 Ensorcelled Hibernation  Hex/Ice        0%         N/A       47%         2
 Passwall                 Tmut/Erth      0%         N/A       47%         2
 Confusing Touch          Hex            0%         N/A       71%         3
 Swiftness                Air            0%         N/A       71%         3
 Yara's Violent Unravell  Hex/Tmut       0%         3d3       100%        5
 Enfeeble                 Hex            0%         N/A       100%        7


Dungeon Overview and Level Annotations

Branches:
Dungeon (3/15)

Altars:

Shops:
D:3 [

Annotations:
D:3 Grinder


Innate Abilities, Weirdness & Mutations

You are too large for most types of armour.
You have tough skin. (AC +1)


Message History

Grinder shouts!
Grinder gestures at you. You resist with significant effort.
Grinder is nearby!
Grinder is nearby!
Grinder is nearby!
Found a stone staircase leading down.
You closely miss Grinder. Grinder hits you.
You writhe in agony.
Grinder hits you but does no damage.
You closely miss Grinder. Grinder barely misses you.
You hit Grinder but do no damage. Grinder hits you.
You hit Grinder but do no damage. Grinder hits you.
You writhe in agony.
You hit Grinder but do no damage.
Grinder blinks!
Grinder blinks!
No target in view!
No target in view!
No target in view!
No target in view!
Grinder is nearby!
Grinder hits you.
You writhe in agony.
You hit Grinder but do no damage. Grinder hits you.
You writhe in agony.
You are too injured to fight recklessly!
You are too injured to fight recklessly!
You are too injured to fight recklessly!
You are too injured to fight recklessly!
You closely miss Grinder. Grinder gestures at you.
You suddenly lose the ability to move!
Grinder gestures at you.
You shrug off the repeated paralysis!
Grinder hits you. x2
* * * LOW HITPOINT WARNING * * *
Grinder hits you.
* * * LOW HITPOINT WARNING * * *
You writhe in agony.
* * * LOW HITPOINT WARNING * * *
You can move again.
Grinder closely misses you. Grinder hits you!
You die...

###### #.)..# #.. ##
#....# #.# .. #....#
#.# #. ####....####.#
#. ...........#.######.
#..(.##.#.#...##.
#.#####....##.#.#.#.##.
#..>..@......†.........
###.#.#5###.#.....#†##.
#....##.###.###...#
###..##.# #.# ###.#
...##.# #.#####..
##.##.###....####
............... .####
#<...#### #....# #


You could see Grinder.

Vanquished Creatures
  2 adders
  2 worms (D:2)
  2 dart slugs
  4 ball pythons
  5 bats
  4 endoplasms
  A giant cockroach (D:3)
  2 goblins (D:2)
  4 hobgoblins
  7 jackals (D:1)
  9 kobolds
  2 quokkas (D:2)
  3 frilled lizards
  6 rats
53 creatures vanquished.

Vanquished Creatures (others)
  12 plants (D:2)
12 creatures vanquished.

Grand Total: 65 creatures vanquished

Notes
Turn   | Place    | Note
-------+----------+-------------------------------------------
     0 | D:1      | crazypyro the Ogre Monk began the quest for the Orb.
     0 | D:1      | Reached XP level 1. HP: 24/24 MP: 1/1
   186 | D:1      | Reached XP level 2. HP: 32/32 MP: 2/2
   345 | D:1      | Reached XP level 3. HP: 25/40 MP: 3/3
  1450 | D:2      | Reached XP level 4. HP: 40/49 MP: 4/4
  2052 | D:3      | Found Renios's Armour Shop.
  2355 | D:3      | Noticed Grinder
  2370 | D:3      | Paralysed by Grinder for 5 turns
  2376 | D:3      | Slain by Grinder

Illustrated notes

Levels and vault maps discovered:
D:1:      lightli_arrival_quake, layout_basic
D:2:      layout_basic, kennysheep_big_empty_room, lexackson_kobold_supper
D:3:      layout_basic, grunt_temple_overflow_champion_of_chaos, serial_shops,
          nicolae_shop_temple_entry_statues_fountains, shop,
          uniq_crazy_yiuf_cottage, uniq_grinder

Skill      XL: |  1  2 |
---------------+-------+-----
Maces & Flails | 3 |  3.7
Dodging        | 3 |  3.2
Fighting       | |  4.8
Stealth        | |  1.4

Action                   |  1- 3 |  4- 6 || total
-------------------------+-------+-------++-------
Melee: Mace              |   136 |    50 ||   186
       Punch             |     1 |     1 ||     2
 Stab: Sleeping          |     3 |       ||     3
Armor: Robe              |    54 |    14 ||    68
Dodge: Dodged            |    85 |    24 ||   109
